 Dungeon Crawl Stone Soup version 0.14-a0-2359-g1e808ab (webtiles) character file.

254 M4edhros the Vandal (level 5, 0/33 HPs)
             Began as an Octopode Hunter on Jan 31, 2014.
             Slain by Crazy Yiuf
             ... wielding a +4,+4 quarterstaff of chaos
              (11 damage)
             ... on Level 3 of the Dungeon.
             The game lasted 00:03:24 (2004 turns).

M4edhros the Vandal (Octopode Hunter)               Turns: 2004, Time: 00:03:25

HP   0/33        AC  1     Str 11      XL: 5   Next: 14%
MP  16/16        EV 12     Int 13      God:
Gold 123         SH  0     Dex 14      Spells:  1 memorised,  3 levels left

rFire  . . .     SeeInvis .     t - +2,+1 sling
rCold  . . .     Clarity  .     (no shield)
rNeg   . . .     Conserve .     (helmet restricted)
rPois  .         rCorr    .     (no amulet)
rElec  .         rRot     .     n - ring of magical power
SustAb . .       Spirit   .     (no ring)
rMut   .         Warding  .     (no ring)
Saprov . . .     Stasis   .     (no ring)
MR     .....                    (no ring)
                                (no ring)
                                (no ring)
                                (no ring)

@: not resistant to hostile enchantments, stealthy
A: almost no armour, amphibious, 8 rings, constrict 8, camouflage 1, gelatinous
body 1
a: no special abilities


You were on level 3 of the Dungeon.
You were very hungry.

You visited 1 branch of the dungeon, and saw 3 of its levels.

You collected 123 gold pieces.

Inventory:

Hand weapons
 a - a +0,+0 short sword
 t - a +2,+1 sling (weapon)
Missiles
 c - 10 sling bullets (quivered)
 j - 35 stones
Comestibles
 f - 2 bread rations
 g - a snozzcumber
 l - 4 meat rations
Scrolls
 d - 2 scrolls of identify
 o - a scroll of enchant weapon I {unknown}
Jewellery
 n - a ring of magical power (left tentacle)
Potions
 e - 2 potions of curing
 h - a potion of blood
 i - a potion of agility {unknown}
 k - a potion of poison {unknown}
 m - a potion of invisibility {unknown}
Books
 q - a book of Clouds

   Spells                             Type                      Level
   *Mephitic Cloud                    Conjuration/Poison/Air       3
   Conjure Flame                      Conjuration/Fire             3
   Poisonous Cloud                    Conjuration/Poison/Air       6
   Freezing Cloud                     Conjuration/Ice/Air          6
   Ring of Flames                     Charms/Fire                  7
Magical staves
 r - an uncursed staff of earth {unknown}


   Skills:
 - Level 1.0 Fighting
 * Level 5.8 Slings
 - Level 2.0 Dodging
 - Level 1.3 Stealth
 + Level 1.0 Spellcasting
 + Level 0.6 Conjurations
 + Level 0.8 Air Magic
 + Level 0.8 Poison Magic


You had 3 spell levels left.
You knew the following spells:

 Your Spells              Type           Power        Failure   Level  Hunger
a - Mephitic Cloud        Conj/Pois/Air  #.......     65%         3    ####...


Dungeon Overview and Level Annotations

Branches:
Dungeon (3/16)

Altars:
Trog
Xom

Annotations:
D:3 Crazy Yiuf


Innate Abilities, Weirdness & Mutations

You cannot wear most types of armour.
You are amphibious.
You can wear up to eight rings at the same time.
You can use your tentacles to constrict many enemies at once.
Your skin changes colour to match your surroundings (Stlth).
Your rubbery body absorbs attacks (AC +1).


Message History

Press: ? - help, Shift-Dir - straight line, f/p - Crazy Yiuf
Aim: Crazy Yiuf, wielding a quarterstaff of chaos and wearing a cloak (moderately wounded)
You shoot a sling bullet. The sling bullet hits Crazy Yiuf.
Crazy Yiuf is severely wounded.
Crazy Yiuf hits you with a quarterstaff of chaos!
Crazy Yiuf draws strength from your injuries!
Firing (i - inventory. (,) - cycle):
c - 12 sling bullets (quivered)
Press: ? - help, Shift-Dir - straight line, f/p - Crazy Yiuf
Aim: Crazy Yiuf, wielding a quarterstaff of chaos and wearing a cloak (heavily wounded)
You shoot a sling bullet. The sling bullet hits Crazy Yiuf.
Crazy Yiuf is severely wounded.
Crazy Yiuf hits you with a quarterstaff of chaos!
Firing (i - inventory. (,) - cycle):
c - 11 sling bullets (quivered)
Press: ? - help, Shift-Dir - straight line, f/p - Crazy Yiuf
Aim: Crazy Yiuf, wielding a quarterstaff of chaos and wearing a cloak (severely wounded)
You shoot a sling bullet. The sling bullet hits Crazy Yiuf.
Crazy Yiuf is severely wounded.
Crazy Yiuf grits, "Gnoll!
Cod mobile tea."
Crazy Yiuf hits you with a quarterstaff of chaos!
You die...

..##.........................#
#.
.............................#
#.
.##.......(..................#
#[
.##.....##################...#
#. .##.....# #...# #.
.##.....# #...# #.
%##.....#### ### #...###.
.##...#..#.## ###..)# #.......
.##........f####@g..(#
#.......
.....##...f..#..##...#
#...###. .....###.#f.#.### ###
#...# #. ..#..# ######## #...#
#. ..#..# #...# #. ..#..#
##### ##########...# #. ..#..#
#..%# #............# #. ..#..#
#(..# #............# #. ..#..#
#...#####.###........###.


You could see Crazy Yiuf.

Vanquished Creatures
  The ghost of Somebody the Skirmisher, an average VSFi (D:3)
  2 adders (D:2)
  A worm (D:2)
  2 giant geckos (D:2)
  An orc (D:2)
  2 hobgoblins
  7 kobolds
  10 bats
  2 giant cockroaches
  7 giant newts
  5 goblins
  2 rats
42 creatures vanquished.

Notes
Turn   | Place    | Note
--------------------------------------------------------------
     0 | D:1      | M4edhros, the Octopode Hunter, began the quest for the Orb.
     0 | D:1      | Reached XP level 1. HP: 13/13 MP: 1/1
   157 | D:1      | Reached XP level 2. HP: 18/18 MP: 2/2
   546 | D:2      | Reached XP level 3. HP: 23/23 MP: 3/3
   557 | D:2      | Reached skill level 5 in Slings
  1268 | D:2      | Found a bloodstained altar of Trog.
  1382 | D:2      | Reached XP level 4. HP: 28/28 MP: 4/4
  1455 | D:3      | Learned a level 3 spell: Mephitic Cloud
  1480 | D:3      | Noticed Somebody's ghost (average VSFi)
  1494 | D:3      | Killed Somebody's ghost
  1494 | D:3      | Reached XP level 5. HP: 7/33 MP: 5/5
  1742 | D:3      | Found a shimmering altar of Xom.
  1969 | D:3      | Reached skill level 1 in Spellcasting
  1995 | D:3      | Noticed Crazy Yiuf
  2004 | D:3      | Slain by Crazy Yiuf

Action                   |  1- 3 |  4- 6 || total
-------------------------+-------+-------++-------
Melee: Dagger            |    40 |     7 ||    47
 Fire: Sling             |    39 |    28 ||    67
  Use: Potion            |     2 |       ||     2
       Scroll            |     5 |     1 ||     6
 Stab: Sleeping          |     2 |       ||     2
